 Dungeon Crawl Stone Soup version 0.15-a0-2172-g9ff0d5b (webtiles) character file.

247 PolkaDot the Poker (level 6, -1/62 HPs)
             Began as an Ogre Death Knight on July 21, 2014.
             Was a Believer of Yredelemnul.
             Killed from afar by an orc wizard (10 damage)
             ... with a puff of flame
             ... on Level 3 of the Dungeon.
             The game lasted 00:17:34 (2610 turns).

PolkaDot the Poker (Ogre Death Knight)              Turns: 2610, Time: 00:17:34

HP  -1/62        AC  4     Str 19      XL: 6   Next: 11%
MP  10/10        EV  9     Int 10      God: Yredelemnul [**....]
Gold 143         SH  0     Dex 11      Spells:  0 memorised,  5 levels left

rFire  . . .     SeeInvis .     a - +1 spear
rCold  . . .     Clarity  .     b - +0 robe
rNeg   . . .     rCorr    .     (shield restricted)
rPois  .         rRot     .     (helmet restricted)
rElec  .         Spirit   .     f - +0 cloak
SustAb .         Warding  .     (gloves unavailable)
rMut   .         Stasis   .     (boots unavailable)
Gourm  .                        (no amulet)
MR     .....                    (no ring)
                                (no ring)

@: not resistant to hostile enchantments, very unstealthy
A: unfitting armour, tough skin 1
a: Animate Remains, Recall Undead Slaves, Injury Mirror, Renounce Religion


You were on level 3 of the Dungeon.
You worshipped Yredelemnul.
Yredelemnul was pleased with you.
You were not hungry.

You visited 1 branch of the dungeon, and saw 4 of its levels.

You collected 143 gold pieces.

Inventory:

Hand weapons
 a - a +1 spear (weapon)
Missiles
 l - 2 tomahawks of returning
 n - 3 tomahawks (quivered)
Armour
 b - a +0 robe (worn)
 f - a +0 cloak (worn)
Magical devices
 p - a wand of teleportation (3)
Comestibles
 c - 3 meat rations
 g - a bread ration
 j - a slice of pizza
Scrolls
 e - a scroll of fog {unknown}
 h - a scroll of random uselessness {unknown}
 k - a scroll of teleportation
 o - 3 scrolls of fear {unknown}
 q - a scroll of remove curse {unknown}
Potions
 d - 2 potions of cure mutation {!q}
 i - 3 potions of brilliance
 m - a potion of flight


   Skills:
 + Level 3.7 Fighting
 * Level 5.2 Polearms
 + Level 0.9 Throwing
 - Level 1.3 Dodging
 - Level 4.0 Invocations


You had 5 spell levels left.
You didn't know any spells.

Dungeon Overview and Level Annotations

Branches:
Dungeon (4/15)
 Temple: D:4-7

Altars:
Kikubaaqudgha
The Shining One


Innate Abilities, Weirdness & Mutations

You are too large for most types of armour.
You have tough skin (AC +1).


Message History

You hit the orc wizard but do no damage.
The orc wizard is moderately wounded.
The orc wizard mumbles some strange words.
The orc wizard flickers and vanishes!
Deactivating autopickup; reactivate with Ctrl-A.
Drink which item? (? for menu, Esc to quit)
You feel better. Something hits you but does no damage.
You hit something but do no damage.
You hear some strange, mumbled words.
The magic dart hits you!
* * * LOW HITPOINT WARNING * * *
There is a stone staircase leading up here.
Something hits you but does no damage.
You climb upwards.
There is a stone staircase leading down here.
You start resting.
Your jackal skeleton misses something.
You hear some strange, mumbled words.
The puff of flame hits you!
You die...
Your body rises from the dead as a mindless zombie.

#.# ###.# #......... #.# #...#
####...### #.# #.### #...# #.#
#.#### #...# #.# #....######
#...# #.# ##.........# #...#
####.#####.....####.# #...#
#..........#ZZ## #.# #...#
#.##.#####Z.@## #.# #...#
#.##.# ##Z## #.###...# #.##.#
#[#######.##....### #..#Z#
#......##.##...(.<#
##..#Z###########.##.##....#.#
#.ZZZ.............##.####..#.#
##.>#.##########..##....#..#.#
#.)#.# ##...##.......#.#
#..#.# #.(.....>.....#.#


You could see a friendly jackal zombie, a friendly giant mite zombie and 2
friendly jackal skeletons.

Vanquished Creatures
  An ogre (D:2)
  Sigmund (D:2)
  A vampire bat (D:3)
  An adder (D:2)
  2 giant mites (D:3)
  A worm (D:3)
  An adder zombie (D:2)
  2 giant geckos
  4 orcs
  3 bat skeletons (D:3)
  A bat zombie (D:3)
  2 giant cockroaches (D:1)
  5 goblins
  10 hobgoblins
  5 kobolds
  A bat (D:1)
  3 giant newts
  6 jackals (D:3)
  9 rats
59 creatures vanquished.

Vanquished Creatures (collateral kills)
  A gnoll (D:3)
  An adder skeleton (D:2)
  A bat zombie (D:3)
  A kobold (D:1)
  A giant cockroach (D:2)
  A goblin (D:3)
6 creatures vanquished.

Vanquished Creatures (others)
  A giant mite zombie (D:3)
  2 giant newt zombies
  2 hobgoblin zombies
  A jackal zombie (D:3)
  A kobold zombie (D:3)
7 creatures vanquished.

Grand Total: 72 creatures vanquished

Notes
Turn   | Place    | Note
--------------------------------------------------------------
     0 | D:1      | PolkaDot, the Ogre Death Knight, began the quest for the Orb.
     0 | D:1      | Reached XP level 1. HP: 22/22 MP: 2/2
   195 | D:1      | Reached XP level 2. HP: 26/31 MP: 1/3
   436 | D:1      | Found a glowing golden altar of the Shining One.
   944 | D:2      | Acquired Yredelemnul's second power
   974 | D:2      | Reached XP level 3. HP: 32/37 MP: 5/5
  1166 | D:2      | Noticed Sigmund
  1204 | D:2      | Killed Sigmund
  1204 | D:2      | Reached skill level 4 in Polearms
  1204 | D:2      | Reached XP level 4. HP: 4/45 MP: 7/7
  1682 | D:3      | Noticed an ogre
  1732 | D:2      | Killed an ogre
  1732 | D:2      | Reached XP level 5. HP: 11/53 MP: 6/9
  2130 | D:3      | Found an ancient bone altar of Kikubaaqudgha.
  2319 | D:3      | Reached skill level 5 in Polearms
  2319 | D:3      | Reached XP level 6. HP: 57/62 MP: 10/10
  2610 | D:3      | Killed from afar by an orc wizard

Action                   |  1- 3 |  4- 6 || total
-------------------------+-------+-------++-------
Melee: Spear             |    99 |   144 ||   243
Invok: Animate Remains   |    16 |    13 ||    29
       Recall Undead Sla |       |     2 ||     2
Evoke: Wand              |       |     1 ||     1
  Use: Scroll            |     1 |       ||     1
       Potion            |     9 |     2 ||    11
 Stab: Distracted        |       |     1 ||     1
  Eat: Chunk             |     2 |     6 ||     8
